 Dungeon Crawl Stone Soup version 0.22.1-1-ga44c0e56f4 (webtiles) character file.

1494 Henning the Ruffian (level 8, -1/83 HPs)
             Began as a Troll Abyssal Knight on Oct 2, 2018.
             Was a Priest of Lugonu.
             Slain by a gnoll sergeant
             ... wielding a +0 trident
              (9 damage)
             ... on level 6 of the Dungeon.
             The game lasted 00:12:59 (4259 turns).

Henning the Ruffian (Troll Abyssal Knight)          Turns: 4259, Time: 00:13:00

Health: -1/83      AC:  8    Str: 21    XL:     8   Next: 51%
Magic:  10/10      EV: 11    Int: 11    God:    Lugonu [***...]
Gold:   354        SH:  2    Dex: 11    Spells: 7/7 levels left

rFire    . . .     SeeInvis .     - Unarmed
rCold    . . .     Gourm    +   (no shield)
rNeg     + . .     Faith    .   a - +0 robe
rPois    .         Spirit   .   r - +2 hat
rElec    .         Reflect  +   B - +0 cloak
rCorr    .         Harm     .   (gloves unavailable)
MR       .....                  (boots unavailable)
Stlth    +.........             y - +2 amulet of reflection
HPRegen  0.63/turn              d - ring of positive energy
MPRegen  0.12/turn              t - +3 ring of intelligence

@: no status effects
A: large, unfitting armour, claws 3, fast metabolism 3, gourmand, regeneration
1, shaggy fur 1, tough skin 2
a: Depart the Abyss, Bend Space, Banish, Renounce Religion


You were on level 6 of the Dungeon.
You worshipped Lugonu.
Lugonu was most pleased with you.
You were very full.

You visited 1 branch of the dungeon, and saw 6 of its levels.
You visited the Abyss 1 time.

You collected 354 gold pieces.

Inventory:

Armour
 a - a +0 robe (worn)
 r - a +2 hat (worn)
 B - a +0 cloak (worn)
Jewellery
 d - a ring of positive energy (left claw)
 q - an uncursed ring of stealth
 t - a +3 ring of intelligence (right claw)
 y - a +2 amulet of reflection (around neck)
Wands
 v - a wand of random effects (21)
 w - a wand of polymorph (32)
Scrolls
 c - 3 scrolls of teleportation {unknown}
 e - 7 scrolls of identify {unknown}
 g - 3 scrolls of fear {unknown}
 k - 2 scrolls of enchant weapon {unknown}
 m - 2 scrolls of remove curse {unknown}
 n - a scroll of amnesia {unknown}
 A - a scroll of enchant armour {unknown}
 C - a scroll of blinking {unknown}
Potions
 f - a potion of agility
 h - 2 potions of lignification {unknown}
 i - 3 potions of curing {unknown}
 j - a potion of flight {unknown}
 l - 2 potions of degeneration {unknown}
 o - a potion of invisibility {unknown}
 p - a potion of might {unknown}
 s - 3 potions of mutation {unknown}
 u - 2 potions of ambrosia {unknown}
 x - a potion of magic {unknown}
 z - 2 potions of brilliance {unknown}
 D - a potion of heal wounds {unknown}
 F - a potion of resistance {unknown}
Comestibles
 b - 12 rations
 E - 3 chunks of flesh


   Skills:
 * Level 5.7 Fighting
 + Level 4.0 Dodging
 * Level 6.4 Unarmed Combat
 + Level 4.1 Invocations


You had 7 spell levels left.
You didn't know any spells.
Your spell library was empty.

Dungeon Overview and Level Annotations

Branches:
Dungeon (6/15)             Temple (0/1) D:5

Altars:
Ashenzari
Cheibriados
Dithmenos
Elyvilon
Fedhas
Nemelex Xobeh
Qazlal
Sif Muna
Vehumet
Yredelemnul
Zin
The Shining One


Innate Abilities, Weirdness & Mutations

You are too large for most types of armour.
You have claws for hands.
Your metabolism is lightning-fast.
You like to eat raw meat.
Your natural rate of healing is unusually fast.
You are covered in fur. (AC +1)
You have very tough skin. (AC +2)


Message History

You scratch the gnoll sergeant.
The gnoll sergeant is heavily wounded.
The gnoll sergeant hits you with a trident.
* * * LOW HITPOINT WARNING * * *
You claw the gnoll sergeant! The gnoll sergeant blocks your attack.
The gnoll sergeant is severely wounded.
You scratch the gnoll sergeant.
The gnoll sergeant is almost dead.
The crimson imp blinks!
The gnoll sergeant hits you with a trident.
* * * LOW HITPOINT WARNING * * *
The crimson imp blinks!
You scratch the gnoll sergeant but do no damage.
The gnoll sergeant is almost dead.
The gnoll sergeant hits you with a trident.
* * * LOW HITPOINT WARNING * * *
You barely miss the gnoll sergeant.
The gnoll sergeant is almost dead.
The gnoll sergeant hits you with a trident!
You die...

#####
####5..######
#.g55o..5...#
#@##...####.######
####.######
#..g.g5. #.......#
######## #.##.##.#
#######....
#.##.##.#
#..........
#.......#
#..........
#.##.#..#
#.......^..
#.##.#..#
#..........
#.......#
#..........


You could see an orc warrior, a gnoll sergeant, 2 crimson imps and 2 shadow
imps.

Vanquished Creatures
  The ghost of btonasse the Conjurer, a novice TeVM of Yredelemnul (D:5)
  Sigmund (D:5)
  A phantom (D:4)
  A sky beast (D:5)
  An ice beast (D:6)
  2 centaurs (D:5)
  A scorpion (D:6)
  3 bullfrog zombies (D:5)
  An orc priest (D:5)
  2 hounds (D:4)
  A jelly (D:5)
  Crazy Yiuf (D:5)
  Ijyb (D:4)
  A worker ant (D:6)
  3 orc wizards
  10 gnolls
  8 adders
  A shadow imp (D:5)
  An ooze (D:3)
  2 adder skeletons (D:5)
  6 worms
  A dart slug (D:3)
  3 leopard geckos
  12 orcs
  7 giant cockroaches
  3 goblins
  5 hobgoblins
  2 jackals (D:1)
  7 kobolds
  3 quokkas
  3 ball pythons
  6 bats
  2 frilled lizards
  A jackal skeleton (D:5)
  A jackal zombie (D:6)
  A quokka zombie (D:6)
  5 rats
111 creatures vanquished.

Notes
Turn   | Place    | Note
-------+----------+-------------------------------------------
     0 | Abyss:1  | Henning the Troll Abyssal Knight began the quest for the
                  | Orb.
     0 | Abyss:1  | Reached XP level 1. HP: 22/22 MP: 1/1
    40 | Abyss:1  | Noticed a small abomination
    43 | Abyss:1  | Noticed an ice beast
    78 | D:1      | Escaped the Abyss
   188 | D:1      | Reached XP level 2. HP: 29/29 MP: 2/2
   540 | D:2      | Reached XP level 3. HP: 33/36 MP: 3/3
   664 | D:2      | Found a sparkling altar of Nemelex Xobeh.
   664 | D:2      | Found a shattered altar of Ashenzari.
   668 | D:2      | Found a snail-covered altar of Cheibriados.
   668 | D:2      | Found a radiant altar of Vehumet.
   676 | D:2      | Reached ** piety under Lugonu
   734 | D:2      | Reached XP level 4. HP: 21/45 MP: 4/4
   904 | D:2      | Found a basalt altar of Yredelemnul.
  1096 | D:3      | Reached skill level 3 in Unarmed Combat
  1177 | D:3      | Found a white marble altar of Elyvilon.
  1207 | D:3      | Reached XP level 5. HP: 37/53 MP: 5/5
  1529 | D:3      | Found a stormy altar of Qazlal.
  2186 | D:4      | Found a shadowy altar of Dithmenos.
  2190 | D:4      | Noticed Ijyb
  2200 | D:4      | Killed Ijyb
  2341 | D:4      | Reached *** piety under Lugonu
  2345 | D:4      | Reached XP level 6. HP: 62/62 MP: 7/7
  2511 | D:4      | Reached skill level 4 in Unarmed Combat
  2548 | D:4      | Found a deep blue altar of Sif Muna.
  2715 | D:5      | Entered Level 5 of the Dungeon
  2719 | D:5      | Noticed a sky beast
  2734 | D:5      | Killed a sky beast
  2780 | D:5      | Found a staircase to the Ecumenical Temple.
  2833 | D:5      | Reached XP level 7. HP: 54/71 MP: 8/8
  2961 | D:5      | Found a blossoming altar of Fedhas.
  3066 | D:5      | Found a glowing golden altar of the Shining One.
  3255 | D:5      | Reached skill level 5 in Unarmed Combat
  3310 | D:5      | Noticed Sigmund
  3325 | D:5      | Killed Sigmund
  3325 | D:5      | Reached skill level 5 in Fighting
  3361 | D:5      | Found a runed gate.
  3362 | D:5      | Found a runed gate.
  3377 | D:5      | Found a runed gate.
  3378 | D:5      | Noticed btonasse's ghost (novice TeVM)
  3396 | D:5      | Killed btonasse's ghost
  3396 | D:5      | Reached XP level 8. HP: 39/80 MP: 9/9
  3727 | D:5      | Found a runed door.
  3731 | D:5      | Noticed Crazy Yiuf
  3735 | D:5      | Killed Crazy Yiuf
  3735 | D:5      | Reached skill level 6 in Unarmed Combat
  3942 | D:6      | Found a glowing silver altar of Zin.
  4210 | D:6      | HP: 3/83 [centaur/arrow (15)]
  4259 | D:6      | Slain by a gnoll sergeant

Skill      XL: |  1  2  3  4  5  6  7  8 |
---------------+-------------------------+-----
Dodging        | 2 3 4 |  4.0
Invocations    | 2 3 4 |  4.1
Fighting       | 3 4 5 |  5.7
Unarmed Combat | 3 4 5 6 |  6.4

Action                   |  1- 3 |  4- 6 |  7- 9 || total
-------------------------+-------+-------+-------++-------
Melee: Unarmed           |    72 |   153 |   126 ||   351
       Punch             |       |     1 |     1 ||     2
 Stab: Sleeping          |       |     3 |       ||     3
  Eat: Chunk             |    12 |    18 |    14 ||    44
Armor: Robe              |    47 |    60 |    28 ||   135
       Skin              |       |       |     1 ||     1
Dodge: Dodged            |    44 |    76 |    66 ||   186
Block: Other             |       |       |     3 ||     3
